AoeStats
← HankScorpio006

Black Forest

507136920Analyzed
4v4 RM · 14d ago on Sep 16, 2026· 50m 22s· 8 players
Game mode
Random Map
Map size
Large (8 player)
Population
200
Speed
Normal
Resources
Standard
Victory
Conquest
Starting age
Dark Age
Ending age
Imperial Age
RankedLock teamsTeams togetherTeam positionsShared explorationLock speedFull tech treeHidden civsTurbo modeCheats
Victory
Defeat
🇩🇪 Turks · Germany
1191
+13
🇲🇽 Spanish · Mexico
1119
+16
🇨🇱 Persians · Chile
1110
+16
🇮🇱 Chinese · Israel
1082
+17
🇨🇿 Spanish · Czechia
1172
-18
🇹🇼 Slavs · Taiwan
1126
-16
🇧🇷 Poles · Brazil
1095
-15
🇮🇪 Franks · Ireland
1048
-13
MaffeiOne
0:40 Loom
13:56 Feudal Age
18:30 Castle Age
18:18 Fishing Lines
18:42 Horse Collar
18:51 Double-Bit Axe
24:29 Heavy Plow
27:32 Stone Mining
27:32 Gold Mining
28:34 Fortified Wall
28:43 Gillnets
28:49 Gold Mining
29:02 Town Watch
29:52 Bow Saw
30:06 Forging
30:56 Masonry
33:59 Imperial Age
32:50 Scale Mail Armor
33:26 Iron Casting
33:40 Gold Shaft Mining
34:02 Chain Mail Armor
34:17 Squires
34:08 Arson
35:39 Elite Fire Lancer
37:22 Plate Mail Armor
39:08 Blast Furnace
38:33 Caravan
43:19 Conscription
BRosi
12:21 Feudal Age
13:01 Double-Bit Axe
15:55 Castle Age
13:59 Fishing Lines
16:56 Bow Saw
16:55 Gillnets
25:41 Wheelbarrow
25:23 Gold Mining
30:17 Imperial Age
29:27 Hand Cart
28:59 Loom
28:59 Town Watch
29:21 Treadmill Crane
29:34 Stone Mining
30:23 Masonry
31:21 Bombard Tower
31:10 Caravan
31:24 Artillery
31:46 Conscription
31:38 Horse Collar
33:08 Ballistics
33:21 Architecture
34:14 Husbandry
34:25 Bloodlines
34:24 Scale Barding Armor
34:30 Forging
34:48 Heavy Plow
35:25 Gold Shaft Mining
35:52 Two-Man Saw
37:10 Chain Barding Armor
37:25 Iron Casting
38:32 Fortified Wall
40:32 Plate Barding Armor
40:38 Heavy Camel Rider
45:53 Coinage
48:11 Blast Furnace
49:47 Guilds
50:13 Banking
Don Wea
10:46 Feudal Age
11:31 Loom
11:36 Loom
15:13 Castle Age
13:17 Double-Bit Axe
15:52 Bow Saw
21:05 Fishing Lines
21:20 Horse Collar
22:08 Gillnets
24:55 Gold Mining
25:07 Stone Mining
25:44 Heavy Plow
26:20 Gold Shaft Mining
26:23 Stone Shaft Mining
28:54 Imperial Age
26:59 Wheelbarrow
27:23 Devotion
27:34 Scale Barding Armor
27:39 Forging
28:25 Hand Cart
29:13 Chain Barding Armor
30:03 Faith
30:21 Iron Casting
29:23 Elite War Elephant
30:24 Conscription
31:01 Plate Barding Armor
32:57 Two-Man Saw
33:27 Blast Furnace
33:18 Crop Rotation
33:36 Heated Shot
34:49 Chemistry
36:45 Husbandry
36:55 Bloodlines
45:05 Fervor
eduhaas
0:34 Loom
11:53 Feudal Age
13:11 Double-Bit Axe
16:44 Castle Age
14:40 Horse Collar
20:41 Bow Saw
26:50 Heavy Plow
30:15 Imperial Age
27:45 Fletching
27:55 Padded Archer Armor
29:06 Gold Mining
30:08 Ballistics
29:47 Bodkin Arrow
30:07 Leather Archer Armor
31:28 Conscription
32:14 Chemistry
31:25 Fortified Wall
31:44 Bracer
32:14 Ring Archer Armor
31:55 Caravan
32:36 Hoardings
32:02 Town Watch
32:52 Wheelbarrow
34:24 Forging
34:14 Scale Mail Armor
35:22 Two-Man Saw
34:47 Hand Cart
39:55 Block Printing
39:51 Fervor
42:37 Herbal Medicine
46:14 Inquisition
47:26 Chain Mail Armor
47:46 Iron Casting
HankScorpio006
10:28 Loom
12:34 Feudal Age
14:29 Double-Bit Axe
14:38 Gold Mining
17:40 Castle Age
20:53 Bow Saw
22:42 Town Watch
24:37 Gold Shaft Mining
25:45 Wheelbarrow
29:56 Scale Barding Armor
30:01 Forging
29:43 Stone Mining
32:40 Imperial Age
31:02 Chain Barding Armor
31:17 Scale Mail Armor
31:09 Fletching
33:22 Iron Casting
34:03 Plate Barding Armor
32:50 Cavalier
33:32 Husbandry
32:55 Light Cavalry
33:38 Squires
32:59 Pikeman
35:18 Blast Furnace
34:43 Conscription
34:27 Chivalry
34:13 Paladin
35:33 Caravan
36:41 Masonry
36:52 Ballistics
37:09 Chain Mail Armor
39:11 Plate Mail Armor
39:50 Hoardings
40:06 Halberdier
42:13 Bodkin Arrow
42:52 Architecture
42:19 Murder Holes
44:39 Arson
TheShade
1:47 Loom
13:06 Feudal Age
19:07 Castle Age
17:53 Double-Bit Axe
19:02 Horse Collar
20:29 Bow Saw
22:40 Gold Mining
23:36 Town Watch
27:01 Wheelbarrow
27:20 Heavy Plow
30:21 Caravan
32:36 Bloodlines
34:35 Scale Barding Armor
34:40 Forging
34:21 Fletching
34:36 Husbandry
37:13 Imperial Age
37:36 Chain Barding Armor
37:52 Iron Casting
37:14 Bodkin Arrow
37:19 Scale Mail Armor
37:49 Ballistics
37:28 Elite Conquistador
38:33 Conscription
40:08 Plate Barding Armor
40:34 Blast Furnace
40:50 Chemistry
40:17 Cavalier
popibo
6:04 Loom
13:29 Feudal Age
19:27 Castle Age
18:11 Double-Bit Axe
18:38 Fishing Lines
20:45 Bow Saw
20:35 Gillnets
22:02 Horse Collar
26:06 Heavy Plow
27:10 Wheelbarrow
28:58 Gold Mining
29:01 Stone Mining
29:39 Caravan
32:41 Imperial Age
30:30 Hand Cart
31:18 Gold Shaft Mining
30:51 Scale Barding Armor
30:56 Forging
32:02 Detinets
32:27 Chain Barding Armor
32:58 Iron Casting
32:50 Bloodlines
32:40 Husbandry
34:32 Two-Man Saw
34:11 Plate Barding Armor
34:09 Crop Rotation
34:11 Conscription
35:38 Blast Furnace
35:15 Elite Boyar
38:12 Fletching
40:19 Bodkin Arrow
43:12 Ballistics
42:45 Guard Tower
43:56 Chemistry
43:17 Ballistics
42:54 Murder Holes
44:43 Masonry
46:16 Druzhina
46:53 Hoardings
46:22 Scale Mail Armor
45:53 Man-at-Arms
46:34 Squires
46:26 Long Swordsman
46:58 Two-Handed Swordsman
47:50 Champion
49:33 Pikeman
۞_KDZ_۞
2:15 Loom
12:10 Feudal Age
13:25 Double-Bit Axe
16:07 Castle Age
14:35 Horse Collar
16:39 Wheelbarrow
18:13 Heavy Plow
23:27 Bow Saw
24:24 Fervor
25:03 Forging
24:43 Fletching
25:06 Scale Barding Armor
25:39 Gold Mining
25:47 Arson
26:31 Hand Cart
26:27 Caravan
28:03 Coinage
27:36 Husbandry
27:46 Bloodlines
28:19 Stone Mining
28:27 Town Watch
31:55 Imperial Age
29:37 Szlachta Privileges
29:45 Bloodlines
29:56 Chain Barding Armor
29:47 Forging
29:15 Light Cavalry
31:01 Stone Shaft Mining
31:05 Squires
30:28 Pikeman
32:03 Iron Casting
32:23 Cavalier
32:25 Winged Hussar
32:33 Capped Ram
34:13 Crop Rotation
33:25 Capped Ram
35:23 Siege Engineers
41:34 Blast Furnace
Connection lost

Rejoining the realm…

Still unreachable

The connection could not be restored.

Session expired

The server has moved on; the page needs a fresh start.